 Dungeon Crawl Stone Soup version 0.26.0-10-g1f06aea511 (webtiles) character file.

Game seed: 1080612659584139623

57 inc the Vexing (level 3, 0/14 HPs)
             Began as a Felid Enchanter on Jan 29, 2021.
             Succumbed to an adder's poison
             ... on level 2 of the Dungeon.
             The game lasted 00:02:08 (1530 turns).

inc the Vexing (Felid Enchanter)                    Turns: 1530, Time: 00:02:09

Health: 0/14       AC:  1    Str:  4    XL:     3   Next: 73%
Magic:  4/7        EV: 18    Int: 16    God:
Gold:   112        SH:  0    Dex: 17    Spells: 3/6 levels left
                                        Lives:  0   Deaths: 0

rFire    . . .     SeeInvis +     - Unarmed
rCold    . . .     Faith    .   (shield unavailable)
rNeg     . . .     Spirit   .   (armour unavailable)
rPois    .         Reflect  .   (helmet unavailable)
rElec    .         Harm     .   (cloak unavailable)
rCorr    .         Rampage  .   (gloves unavailable)
Will     .....                  (boots unavailable)
Stlth    +++.......             (no amulet)
HPRegen  0.04/turn              (no ring)
MPRegen  0.10/turn              (no ring)

@: lethally poisoned (0 -> -10), flying, quick
A: very small, no armour, no weapons or thrown items, stealth, claws 1, fangs 3,
see invisible, speed 1, shaggy fur 1, sharp paws
a: no special abilities


You were on level 2 of the Dungeon.
You visited 1 branch of the dungeon, and saw 2 of its levels.

You collected 112 gold pieces.

Inventory:

Scrolls
 a - 2 scrolls of teleportation {unknown}
 b - 2 scrolls of remove curse {unknown}
 c - a scroll of enchant armour {unknown}
 e - a scroll of immolation {unknown}
 f - a scroll of amnesia {unknown}


   Skills:
 - Level 2.6 Dodging
 - Level 4.0 Stealth
 - Level 2.7 Unarmed Combat
 - Level 2.0 Spellcasting
 + Level 5.1 Hexes
 + Level 1.2 Ice Magic


You had 3 spell levels left.
You knew the following spells:

 Your Spells              Type           Power        Failure   Level
a - Corona                Hex            18%          2%          1
b - Ensorcelled Hibernat  Hex/Ice        22%          9%          2

Your spell library contained the following spells:

 Spells                   Type           Power        Failure   Level
 Confusing Touch          Hex            17%          8%          3
 Tukima's Dance           Hex            17%          8%          3
 Dazzling Flash           Conj/Hex       18%          22%         3


Dungeon Overview and Level Annotations

Branches:
Dungeon (2/15)

Altars:
Gozag


Innate Abilities, Weirdness & Mutations

You cannot wear armour.
You are incapable of wielding weapons or throwing items.
Your paws allow you to move quietly. (Stealth)
You have sharp claws.
You have razor-sharp teeth.
You have supernaturally acute eyesight. (SInv)
You cover ground quickly.
You are covered in fur. (AC +1)
Your sharp claws are effective at attacking unaware monsters.


Message History

Press: ? - help, Shift-Dir - straight line, f/p - adder
Aim: an adder (chance to affect: 50%)
The adder looks drowsy...
* * * LOW HITPOINT WARNING * * *
You feel sick.
Casting: Ensorcelled Hibernation (safe; 9% risk of failure)
Confirm with . or Enter, or press ? or * to list all spells.
You can't see any susceptible monsters within range! (Use Z to cast anyway.)
There is a lethal amount of poison in your body!
You pounce on the unaware helpless adder!
You claw the adder!
You kill the adder!
* * * LOW HITPOINT WARNING * * *
You feel sick.
Your Hexes skill increases to level 5!
* * * LOW HITPOINT WARNING * * *
You feel sick.
* * * LOW HITPOINT WARNING * * *
You feel sick.
You die...

..............##.#
.................#
#.########.####..#
#.# #.# #..# #..
#.# #..# ###.
#.####..# .#
#.......# # #
######.###.####
#.@.>....#
#..##.#### #..# #
#..# #..# #..#
#..# ....


There were no monsters in sight!

Vanquished Creatures
  3 adders (D:2)
  An ooze (D:1)
  2 dart slugs (D:1)
  A giant cockroach (D:1)
  3 goblins
  2 hobgoblins (D:2)
  5 bats
  A frilled lizard (D:2)
  A kobold (D:1)
  2 rats
21 creatures vanquished.

Notes
Turn   | Place    | Note
-------+----------+-------------------------------------------
     0 | D:1      | inc the Felid Enchanter began the quest for the Orb.
     0 | D:1      | Reached XP level 1. HP: 7/7 MP: 4/4
   226 | D:1      | Reached XP level 2. HP: 11/11 MP: 6/6
   644 | D:2      | Learned a level 2 spell: Ensorcelled Hibernation
   994 | D:2      | Reached XP level 3. HP: 14/14 MP: 7/7
  1327 | D:2      | Found an opulent altar of Gozag.
  1372 | D:2      | Reached skill level 1 in Ice Magic
  1525 | D:2      | Reached skill level 5 in Hexes
  1530 | D:2      | Succumbed to an adder's poison

Illustrated notes

Levels and vault maps discovered:
D:1:      mushboom_english_gardens, layout_loops_cross, minivault_23,
          kennysheep_nondescript
D:2:      layout_loops_ring, nicolae_gozag_seed_capital,
          nicolae_tso_carved_into_rock

Skill      XL: |  1  2  3 |
---------------+----------+-----
Unarmed Combat | 2 |  2.7
Ice Magic      | 1 |  1.2
Hexes          | 5 |  5.1
Dodging        | |  2.6
Stealth        | |  4.0
Spellcasting   | |  2.0

Action                   || total
-------------------------++-------
Melee: Unarmed           ||    38
       Bite              ||     3
 Cast: Corona            ||     3
       Ensorcelled Hiber ||    18
  Use: Potion            ||     1
 Stab: Sleeping          ||    15
Armor: Skin              ||     2
Dodge: Dodged            ||    34
